[Event "*** SCC Grand Prix: Titled Tuesday Blitz"]
[Site "Chess.com"]
[Date "2020.09.29"]
[Round "10"]
[White "fighter2jz"]
[Black "Tooweak2slow03"]
[Result "1-0"]
[WhiteElo "2661"]
[BlackElo "2790"]
[TimeControl "180+1"]
[EndTime "11:55:39 PDT"]
[Termination "fighter2jz won by resignation"]

1. e4 e6 2. d4 d5 3. Nc3 h6 4. Bd3 Nc6 5. Nf3 Nb4 6. Bb5+ c6 7. Be2 Nf6 8. e5 Ne4 9. O-O c5 10. Be3 Be7 11. dxc5 Nxc3 12. bxc3 Nc6 13. Bb5 Bd7 14. Bxc6 Bxc6 15. Nd4 Rc8 16. f4 Bxc5 17. f5 Bxd4 18. cxd4 exf5 19. Rxf5 O-O 20. Bxh6 gxh6 21. Qg4+ Kh7 22.
Rf6 Bd7 23. Qf4 Qxf6 24. Qxf6 Be6 25. Qe7 Rg8 26. Rf1 Rg7 27. Rf2 Rc6 28. Qxb7 Rb6 29. Qxa7 Rc6 30. Qa3 Rc4 31. Qd3+ Kg8 32. h3 Rg5 33.
Rf6 Kg7 34. c3 Ra4 35. h4 Rg4 36. Rxe6 Rxa2 37. Rf6 Rgxg2+ 38. Kf1 Rgc2 39. Qg3+ Kf8 40. Rf2 Rc1+ 41. Kg2 Raa1 42. Qf3 Rg1+ 43. Kh2 Rg7 44.
Qf6 Kg8 45. e6 fxe6 46. Qxe6+ Kh7 47. Qf5+ Kh8 48. Qxd5 Rag1 49. Rf8+ Kh7 50. Qe4+ R7g6 51. h5 Rg2+ 52. Qxg2 Rxg2+ 53. Kxg2 1-0

[Event "*** SCC Grand Prix: Titled Tuesday Blitz"]
[Site "Chess.com"]
[Date "2020.09.29"]
[Round "10"]
[White "BJthechessgod"]
[Black "parnali1611"]
[Result "1-0"]
[WhiteElo "2295"]
[BlackElo "2114"]
[TimeControl "180+1"]
[EndTime "11:55:40 PDT"]
[Termination "BJthechessgod won by resignation"]

1. e4 e5 2. Nf3 Nc6 3. Bc4 Nf6 4. Ng5 d5 5. exd5 Na5 6. Bb5+ Bd7 7. Bxd7+ Qxd7 8.
Nc3 Nxd5 9. Nxd5 Qxd5 10. d3 O-O-O 11. O-O f6 12. Qg4+ Kb8 13. Ne6 Qd7 14. Qh3 Bd6 15.
Nxd8 Qxh3 16. gxh3 Rxd8 17. Bd2 Nc6 18. f4 Bc5+ 19. Kg2 e4 20. Rfe1 exd3 21. cxd3 b6 22. Rad1 Rxd3 23. Bc3 Rxd1 24. Rxd1 Bd6 25. Kf3 Ne7 26.
Ke4 f5+ 27. Kf3 g6 28. Bf6 Ng8 29. Be5 Bxe5 30. fxe5 Kc8 31. Kf4 c6 32. Kg5 Kc7 33.
h4 Ne7 34. Kf6 Nd5+ 35. Rxd5 cxd5 36. e6 d4 37. e7 d3 38. e8=Q d2 39. Qe2 1-0

[Event "*** SCC Grand Prix: Titled Tuesday Blitz"]
[Site "Chess.com"]
[Date "2020.09.29"]
[Round "10"]
[White "Julianos82"]
[Black "chessmadara"]
[Result "1-0"]
[WhiteElo "2284"]
[BlackElo "2113"]
[TimeControl "180+1"]
[EndTime "11:55:42 PDT"]
[Termination "Julianos82 won by resignation"]

1. d4 Nf6 2. Nf3 g6 3. c4 Bg7 4. Nc3 d5 5. cxd5 Nxd5 6. Na4 O-O 7. Bg5 h6 8. Bh4 Bg4 9. e3 Nd7 10. Be2 N7b6 11. Nc5 Rb8 12. Rc1 Nd7 13. Nb3 N7f6 14. h3 Bf5 15. Ne5 Qd6 16. O-O Rfc8 17. Bg3 Qd8 18. Nc5 Ne4 19. Nxe4 Bxe4 20. Bd3 Bxd3 21.
Qxd3 Nf6 22. Rc5 Nd7 23. Nxd7 Qxd7 24. Rfc1 Qa4 25. a3 b5 26. Rxc7 Rxc7 27. Rxc7 Re8 28. b4 h5 29. Kh2 Bf6 30. e4 Qa6 31. d5 Qb6 32. Rc6 Qb7 33. e5 Bg7 34. Rc5 a6 35. d6 exd6 36. exd6 Rd8 37. Rc7 Qb6 38. Qd5 Rf8 39.
d7 Bf6 40. Rc8 Bd8 41. Bd6 Qxf2 42. Bxf8 Qf4+ 43. g3 Qf2+ 44. Qg2 1-0

[Event "*** SCC Grand Prix: Titled Tuesday Blitz"]
[Site "Chess.com"]
[Date "2020.09.29"]
[Round "10"]
[White "Rogarcia1"]
[Black "HanSchut"]
[Result "1-0"]
[WhiteElo "2130"]
[BlackElo "2197"]
[TimeControl "180+1"]
[EndTime "11:55:42 PDT"]
[Termination "Rogarcia1 won by checkmate"]

1. e4 c5 2. Nf3 d6 3. d4 cxd4 4. Qxd4 Nc6 5. Qe3 g6 6. Be2 Bg7 7. O-O Nf6 8. h3 O-O 9. c4 h6 10. Rd1 Bd7 11. Nc3 Rc8 12. Bd2 a6 13. Rac1 Kh7 14.
b3 Re8 15. Qf4 Nh5 16. Qe3 Be6 17. Na4 Nf6 18. Nb6 Rb8 19. Bc3 Nd7 20. Nd5 Nce5 21. Nxe5 Nxe5 22. f4 Nc6 23. Rf1 f5 24. Bxg7 Kxg7 25.
exf5 Bxf5 26. g4 Bc8 27. f5 g5 28. Qc3+ Ne5 29. h4 b5 30. hxg5 hxg5 31. Qe3 Nf7 32. Bd3 Bb7 33. Qe4 Bxd5 34. f6+ exf6 35. Qh7+ Kf8 36. cxd5 Re3 37. Bg6 Qd7 38. Bf5 Qa7 39.
Kh1 Rbe8 40. Be6 R8xe6 41. dxe6 Rxe6 42. Rc8+ Ke7 43. Qg8 Re3 44. Qe8# 1-0

[Event "*** SCC Grand Prix: Titled Tuesday Blitz"]
[Site "Chess.com"]
[Date "2020.09.29"]
[Round "10"]
[White "blitzking1729"]
[Black "XDPS"]
[Result "0-1"]
[WhiteElo "2544"]
[BlackElo "2747"]
[TimeControl "180+1"]
[EndTime "11:55:43 PDT"]
[Termination "XDPS won by resignation"]

1. d4 d5 2. c4 e6 3. Nc3 Nf6 4. cxd5 exd5 5. Bg5 c6 6. e3 h6 7. Bh4 Bd6 8. Bd3 O-O 9. Nf3 Be6 10. Qc2 Nbd7 11. O-O Re8 12. Rab1 a5 13. a3 Qb8 14. b4 axb4 15. axb4 b5 16. Ne2 Rc8 17. Bg3 Nb6 18. Bxd6 Qxd6 19. Qc5 Qc7 20. Ra1 Nfd7 21. Qc2 Nc4 22.
Nf4 Qd6 23. Qc3 Ndb6 24. Ne5 Na4 25. Qc2 Nxe5 26. dxe5 Qxe5 27. Bh7+ Kh8 28. Bg6 Qf6 29. Bh5 Bf5 30. Qd2 Nb6 31. Rxa8 Rxa8 32. Bf3 Nc4 33. Qe2 Qc3 34. Bg4 Be4 35. Bd7 Ne5 36. Bh3 Ra1 37. f3 Rxf1+ 38. Kxf1 Bd3 39. Nxd3 Nxd3 40. Bf5 Qc1+ 0-1

[Event "*** SCC Grand Prix: Titled Tuesday Blitz"]
[Site "Chess.com"]
[Date "2020.09.29"]
[Round "10"]
[White "gmpeter008"]
[Black "GregShahade"]
[Result "0-1"]
[WhiteElo "2413"]
[BlackElo "2638"]
[TimeControl "180+1"]
[EndTime "11:55:43 PDT"]
[Termination "GregShahade won on time"]

1. d4 Nf6 2. Nf3 g6 3. c4 Bg7 4. g3 d5 5. Bg2 O-O 6. O-O dxc4 7. Na3 c3 8. bxc3 c5 9. e3 Nc6 10. Bb2 Bf5 11. Nc4 Be4 12. Nfe5 Bxg2 13. Kxg2 Nxe5 14. Nxe5 Nd7 15. Nf3 Nb6 16. Qb3 Rc8 17. a4 Qd5 18. Qxd5 Nxd5 19. Rfc1 Rfd8 20. Ba3 b6 21. a5 e6 22. a6 Bf8 23. Bb2 Rc7 24. Ne5 Rdc8 25.
e4 Nf6 26. f3 Nd7 27. Nd3 Bg7 28. Kf1 cxd4 29. cxd4 Rxc1+ 30. Rxc1 Rxc1+ 31. Bxc1 Bxd4 32. Bf4 e5 33. Bg5 Nb8 34. Nb4 Bc5 35. Nd3 Bd6 36. Nf4 exf4 0-1

[Event "*** SCC Grand Prix: Titled Tuesday Blitz"]
[Site "Chess.com"]
[Date "2020.09.29"]
[Round "10"]
[White "PawnEatingZombie"]
[Black "Misticpikachu"]
[Result "0-1"]
[WhiteElo "2206"]
[BlackElo "2311"]
[TimeControl "180+1"]
[EndTime "11:55:43 PDT"]
[Termination "Misticpikachu won on time"]

1. d4 d5 2. c4 e6 3. Nc3 Nf6 4.
cxd5 exd5 5. Bg5 Be7 6. e3 O-O 7. Bd3 c6 8. Qc2 Nbd7 9. Nge2 Re8 10. f3 Nf8 11. O-O g6 12. Rad1 Ne6 13. Bh4 b5 14. Kh1 Bb7 15. Bf2 Rc8 16. e4 b4 17. Na4 c5 18.
dxc5 Nxc5 19. Nxc5 Bxc5 20. Bxc5 Qa5 21. Rc1 Nd7 22.
Bxb4 Qxb4 23. Qb3 Qxb3 24. axb3 dxe4 25. Bxe4 Bxe4 26. fxe4 Rxc1 27. Rxc1 Rxe4 28. Nc3 Rb4 29. Ra1 Nc5 30. Rxa7 Rxb3 31. h3 Rxb2 32. Nd5 Ne4 33.
Kh2 h5 34. Re7 Nd6 35. Rd7 Nf5 36. Ne7+ Nxe7 37. Rxe7 Kg7 38. h4 Rb4 39. g3 Kf6 40.
Rc7 Re4 41. Rc5 Re5 42. Rc4 Ke6 43. Kg2 f6 44. Ra4 Kf5 45. Kh3 g5 46. hxg5 fxg5 47.
Rb4 Re2 0-1

[Event "*** SCC Grand Prix: Titled Tuesday Blitz"]
[Site "Chess.com"]
[Date "2020.09.29"]
[Round "10"]
[White "Grieve72"]
[Black "Tenamu"]
[Result "1-0"]
[WhiteElo "2489"]
[BlackElo "2374"]
[TimeControl "180+1"]
[EndTime "11:55:44 PDT"]
[Termination "Grieve72 won by resignation"]

1. e4 e6 2. d4 d5 3. Nd2 Nf6 4. e5 Nfd7 5. Bd3 c5 6. c3 Nc6 7. Ne2 cxd4 8. cxd4 Qb6 9. Nf3 f6 10. exf6 Nxf6 11. O-O Bd6 12. Nc3 O-O 13. h3 Bd7 14. Re1 Rae8 15. Na4 Qc7 16. Bg5 Ne4 17. Bxe4 dxe4 18. Rxe4 Ne7 19. Nc5 Nd5 20. Nxd7 Qxd7 21. Ne5 Bxe5 22. Rxe5 Qf7 23. Qd2 Qg6 24. Rae1 h6 25. Bh4 Nf4 26. Bg3 Nh5 27. Qe3 Rf6 28. d5 Nxg3 29. Qxg3 Qxg3 30. fxg3 Kf7 31. dxe6+ Rexe6 32. Rxe6 Rxe6 33. Rxe6 Kxe6 34. Kf2 Kf5 35. Ke3 Ke5 36.
Kd3 Kd5 37. b3 b6 38. a3 a6 39. Ke3 Ke5 40. g4 g6 41. h4 g5 42. g3 b5 43.
a4 b4 44. Kd3 Kd5 45. a5 Kc5 46. Ke4 Kb5 47. Kf5 Kxa5 48. hxg5 hxg5 49. Kxg5 Kb5 50.
Kf4 a5 51. g5 a4 52. bxa4+ Kxa4 53. g6 b3 54. g7 b2 55. g8=Q b1=Q 56. Qa8+ Kb3 57.
Qb8+ Kc2 58. Qxb1+ Kxb1 59. g4 Kc2 60. g5 Kd3 61. g6 Kd4 62. g7 Kd5 63. g8=Q+ Kd6 64. Qg5 1-0

[Event "*** SCC Grand Prix: Titled Tuesday Blitz"]
[Site "Chess.com"]
[Date "2020.09.29"]
[Round "10"]
[White "davigator"]
[Black "GianmarcoVaR"]
[Result "1-0"]
[WhiteElo "2365"]
[BlackElo "2509"]
[TimeControl "180+1"]
[EndTime "11:55:44 PDT"]
[Termination "davigator won on time"]

1. e4 c5 2. Nf3 d6 3. d4 cxd4 4.
Nxd4 Nf6 5. Nc3 a6 6. Bg5 Nbd7 7. f3 e6 8. Qd2 Be7 9. h4 Ne5 10.
O-O-O Qc7 11. h5 h6 12. Be3 b5 13. Bd3 Nc4 14. Bxc4 Qxc4 15. Kb1 Bd7 16. g4 b4 17.
Nce2 a5 18. Nc1 a4 19. b3 Qa6 20. Rhg1 e5 21. Nf5 Bxf5 22. gxf5 Nxh5 23. Qxb4 axb3 24. cxb3 d5 25. Bc5 Bg5 26. a4 Bxc1 27. Kxc1 Nf4 28.
Kb1 Kd7 29. Rxg7 Rhb8 30. Rxf7+ Ke8 31. Rf8+ Kd7 32. Rxb8 Rxb8 33. Qxb8 Nd3 34. Qd6+ Qxd6 35. Bxd6 dxe4 36. fxe4 Nf2 37. Rd5 Nxe4 38. Bxe5+ Kc6 39.
Rd4 Nc5 40. Kb2 h5 41. f6 h4 42. f7 Ne6 43. Rxh4 Kd5 44. Bg7 Nxg7 45. f8=Q Ne6 46. Rh5+ Kd4 47. Qd6+ Ke4 48. Qxe6+ Kf4 49. Rh4+ Kg5 50.
Rg4+ 1-0

[Event "*** SCC Grand Prix: Titled Tuesday Blitz"]
[Site "Chess.com"]
[Date "2020.09.29"]
[Round "10"]
[White "kosya4ok"]
[Black "GHANDEEVAM2003"]
[Result "1-0"]
[WhiteElo "2640"]
[BlackElo "2971"]
[TimeControl "180+1"]
[EndTime "11:55:45 PDT"]
[Termination "kosya4ok won by resignation"]

1. d4 b6 2. c4 Bb7 3. Nc3 g6 4. e4 Bg7 5. d5 Na6 6. Be3 Nc5 7. Qc2 Nh6 8. Nf3 Ng4 9. Bd4 Bxd4 10.
Nxd4 e5 11. Nf3 d6 12. b4 Nd7 13. Be2 a5 14. bxa5 Rxa5 15. Nd2 Nh6 16. Nb3 Ra8 17. a4 f5 18. a5 O-O 19. O-O f4 20. axb6 cxb6 21.
Rxa8 Bxa8 22. Ra1 Qh4 23. Ra7 Nf6 24. Qa2 f3 25. Bxf3 Nfg4 26. h3 Rxf3 27. gxf3 Qxh3 28. Rxa8+ Kg7 29. Qa7+ Nf7 30. fxg4 Qxg4+ 31. Kf1 Qh3+ 32. Ke2 Qxc3 33. Nd2 Qh3 34. Qe7 Qg4+ 35. Kd3 Qf4 36.
Rd8 Qxf2 37. Rxd6 b5 38. Rd7 bxc4+ 39. Kc2 h5 40. Qxe5+ Kh6 41. Qe7 Kg7 42. Qxf7+ Qxf7 43. Rxf7+ Kxf7 44. Nf3 Kf6 45. e5+ Kf5 46. d6 Ke6 47.
Kc3 1-0

[Event "*** SCC Grand Prix: Titled Tuesday Blitz"]
[Site "Chess.com"]
[Date "2020.09.29"]
[Round "10"]
[White "FearNoEvil12"]
[Black "kakorrhaphiophobie"]
[Result "1-0"]
[WhiteElo "2083"]
[BlackElo "2249"]
[TimeControl "180+1"]
[EndTime "11:55:45 PDT"]
[Termination "FearNoEvil12 won by resignation"]

1. e4 e6 2. d4 d5 3. Nc3 Bb4 4. Qd3 Ne7 5. a3 Bxc3+ 6. bxc3 O-O 7. e5 c5 8. Qh3 Nbc6 9. Bd3 Ng6 10. Nf3 f5 11. g4 c4 12. Be2 f4 13. Qg2 Nh4 14. Nxh4 Qxh4 15. O-O g5 16. Bf3 Kh8 17. Bd2 Bd7 18. h3 Be8 19. Kh2 Bg6 20. Rac1 b5 21.
Be1 Kg7 22. Bxd5 exd5 23. Qxd5 Rac8 24. f3 Qh6 25. e6 Be8 26. h4 gxh4 27. g5 Qg6 28.
Bxh4 Qf5 29. Qxf5 Rxf5 30. Rfe1 Ne7 31. Rcd1 Bc6 32. Kg2 Ng6 33. Bf2 Bd5 34. Kh3 Kf8 35. Kg4 Ne7 36. Rh1 Kg7 37. Rde1 Rc6 38. Rh5 Bxe6 39. Reh1 Rf8+ 40. Kh4 Nf5+ 41. Kh3 Ng3+ 42. Kg2 Nxh5 43. Rxh5 Bf5 44. d5 Rc7 45. Bd4+ Kg8 46. g6 hxg6 47. Rh8+ Kf7 48. Rh7+ Ke8 49. Rxc7 Rf7 50. Rc5 a6 51. Kf2 Kd7 52. Be5 Bxc2 53. Rc7+ Kd8 1-0

[Event "*** SCC Grand Prix: Titled Tuesday Blitz"]
[Site "Chess.com"]
[Date "2020.09.29"]
[Round "10"]
[White "rynos0411"]
[Black "elcandado"]
[Result "0-1"]
[WhiteElo "2425"]
[BlackElo "2579"]
[TimeControl "180+1"]
[EndTime "11:55:47 PDT"]
[Termination "elcandado won by resignation"]

1. e4 d6 2. d4 Nf6 3. Nc3 e5 4. dxe5 dxe5 5. Qxd8+ Kxd8 6. Bg5 Be6 7. O-O-O+ Nd7 8. f3 a6 9. h4 Bd6 10. h5 h6 11. Be3 Ke7 12. Nh3 Bc5 13. Bxc5+ Nxc5 14. Nf2 Rad8 15. Rxd8 Rxd8 16. Be2 c6 17. Nd3 Nxd3+ 18.
Bxd3 a5 19. Ne2 Nd7 20. f4 f6 21. f5 Bf7 22. g4 Nc5 23. Rd1 Bxa2 24. Ng1 b5 25. Nf3 a4 26. Nh4 Bf7 27. Kb1 Bc4 28.
Ng6+ Ke8 29. b3 axb3 30. Kb2 Bxd3 31. Ra1 Na4+ 32. Kxb3 Bxe4 33. c4 Bd3 34. cxb5 cxb5 35. Kb4 Bc4 36. Re1 Kf7 37. Rh1 Nb6 38. Kc5 Nd7+ 39.
Kd6 Nf8+ 40. Kc7 Rd4 41. Ra1 e4 42. Kc6 e3 43. Ra7+ Rd7 44. Ra1 Bd5+ 45. Kc5 e2 46.
Re1 Bf3 47. Nxf8 Kxf8 48. Kxb5 Rd1 0-1

[Event "*** SCC Grand Prix: Titled Tuesday Blitz"]
[Site "Chess.com"]
[Date "2020.09.29"]
[Round "10"]
[White "esrosenberg"]
[Black "Ural_bogatyr"]
[Result "1-0"]
[WhiteElo "2239"]
[BlackElo "2358"]
[TimeControl "180+1"]
[EndTime "11:55:47 PDT"]
[Termination "esrosenberg won by checkmate"]

1. Nf3 d5 2. c4 c6 3. d4 Nf6 4. Nc3 e6 5. Bg5 h6 6. Bxf6 Qxf6 7. Qb3 g6 8. e4 dxe4 9. Nxe4 Qe7 10. c5 Qd8 11.
Bc4 f5 12. Nc3 Qf6 13. O-O-O Bg7 14. Rhe1 Kf7 15. Ne5+ Kg8 16. f4 Kh7 17. g3 Re8 18.
h4 Nd7 19. h5 Nxe5 20. dxe5 Qe7 21. hxg6+ Kxg6 22. g4 Kh7 23. gxf5 exf5 24. Rd6 b5 25.
Bd3 Kh8 26. Rh1 Be6 27. Qc2 b4 28. Ne2 b3 29. axb3 Qf7 30. Nd4 Rab8 31. Nxe6 Rxe6 32. Bc4 Rbe8 33. Rhd1 Qg6 34. Bxe6 Rxe6 35. Rxe6 Qxe6 36. Rd6 Qf7 37. Rd8+ Kh7 38. Qc4 Qg6 39. Qg8# 1-0

[Event "*** SCC Grand Prix: Titled Tuesday Blitz"]
[Site "Chess.com"]
[Date "2020.09.29"]
[Round "10"]
[White "MF1966Idrisov"]
[Black "Nikolaj_6"]
[Result "0-1"]
[WhiteElo "2354"]
[BlackElo "2560"]
[TimeControl "180+1"]
[EndTime "11:55:48 PDT"]
[Termination "Nikolaj_6 won on time"]

1. Nf3 Nf6 2. b3 g6 3. Bb2 Bg7 4. c4 O-O 5. g3 d6 6. d4 Nbd7 7. Bg2 Re8 8. O-O c6 9. Nc3 e5 10. dxe5 dxe5 11. Ng5 Nc5 12. Qxd8 Rxd8 13. Rad1 Bf5 14.
Ba3 Bf8 15. Nf3 e4 16. Nd4 Nxb3 17. Bxf8 Nxd4 18. Be7 Nxe2+ 19. Nxe2 Rxd1 20. Rxd1 Ng4 21. Nd4 Re8 22. Nxf5 gxf5 23. Bg5 Ne5 24. c5 Nd3 25. Be3 Kg7 26. Rb1 Re7 27. Bf1 Ne5 28. Bd4 Kg6 29.
f4 Nf3+ 30. Kf2 Nxd4 31. Rd1 Ne6 32. Rd6 f6 33. Bc4 Nxc5 34. Rd8 b5 35. Rg8+ Rg7 36.
Rxg7+ Kxg7 37. Be2 Kf7 38. Ke3 Ke6 39. Kd4 Kd6 40. Bh5 Ne6+ 41. Kc3 c5 42. Bf7 a5 43. Bg8 h6 44. Bf7 Nc7 45. Bg6 Nd5+ 46. Kd2 Ne7 47. Bf7 c4 48. Kc3 Kc5 49. a3 b4+ 50. Kc2 Kd4 0-1

[Event "*** SCC Grand Prix: Titled Tuesday Blitz"]
[Site "Chess.com"]
[Date "2020.09.29"]
[Round "10"]
[White "WPWPWP-2015"]
[Black "Vesper2018"]
[Result "0-1"]
[WhiteElo "2433"]
[BlackElo "2608"]
[TimeControl "180+1"]
[EndTime "11:55:50 PDT"]
[Termination "Vesper2018 won on time"]

1. e4 c5 2. Nf3 d6 3. d4 cxd4 4.
Nxd4 Nf6 5. Nc3 a6 6. Be3 e5 7. Nb3 Be7 8. f3 O-O 9. Qd2 Be6 10.
O-O-O a5 11. a4 Nc6 12. g4 Nb4 13. g5 Nh5 14. Kb1 Rc8 15. Rg1 d5 16. exd5 Bf5 17. Bd3 Nxd3 18. cxd3 Bb4 19. Rc1 Bxc3 20. Rxc3 Qxd5 21.
Nc5 Qxf3 22. Rgc1 b6 23. Nb3 Rxc3 24. Rxc3 Nf4 25. Bxb6 Nxd3 26. Bxa5 Rb8 27. Ka2 Qd5 28. Bc7 Rxb3 29. Rxb3 Be6 30. Qc3 Nc1+ 31. Kb1 Nxb3 32. Bxe5 Qd1+ 33. Ka2 Na5+ 34. Ka3 Nc4+ 35. Kb4 Qd7 36.
b3 Qb7+ 37. Kc5 Nxe5 0-1

[Event "*** SCC Grand Prix: Titled Tuesday Blitz"]
[Site "Chess.com"]
[Date "2020.09.29"]
[Round "10"]
[White "Omk124"]
[Black "MariaFominykh"]
[Result "1-0"]
[WhiteElo "2429"]
[BlackElo "2315"]
[TimeControl "180+1"]
[EndTime "11:55:50 PDT"]
[Termination "Omk124 won by resignation"]

1. e4 g6 2. d4 Bg7 3. Nf3 d6 4. h3 a6 5. a4 b6 6. Bd3 Bb7 7. Nbd2 Nd7 8. O-O e5 9. c3 Ngf6 10. Re1 O-O 11. Qc2 Re8 12. Nf1 c6 13. Ng3 b5 14.
Be3 h6 15. Qc1 Kh7 16. Rd1 Qc7 17. a5 c5 18. dxe5 dxe5 19. b4 Rac8 20. Qb2 Bf8 21. Rac1 Bc6 22. c4 bxc4 23. Bxc4 Rb8 24. Bxf7 Rxb4 25.
Qa2 Ra4 26. Qc2 Re7 27. Bb3 Rxa5 28. Qc3 Bg7 29. Nh4 Nxe4 30. Qc2 Ndf6 31. f3 Nxg3 32.
Qxg6+ Kh8 33. Qxg3 Be8 34. Nf5 Rd7 35. Bxh6 Nh5 36.
Bxg7+ Rxg7 37. Qh4 Rg6 38. Rd8 Rg8 39. Rxe8 Rxe8 40. Qxh5+ Qh7 41. Qxe8+ 1-0

[Event "*** SCC Grand Prix: Titled Tuesday Blitz"]
[Site "Chess.com"]
[Date "2020.09.29"]
[Round "10"]
[White "Chuchofrio1"]
[Black "queen_iryna"]
[Result "1/2-1/2"]
[WhiteElo "2390"]
[BlackElo "2297"]
[TimeControl "180+1"]
[EndTime "11:55:50 PDT"]
[Termination "Game drawn by repetition"]

1. d4 d5 2. c4 c6 3. cxd5 cxd5 4. Bf4 Nf6 5. Nc3 a6 6. e3 Nc6 7. Bd3 e6 8. Rc1 Be7 9. Nf3 O-O 10. h3 Bd7 11. O-O Rc8 12. Ne5 b5 13. Nxd7 Qxd7 14. a4 b4 15. Nb1 Na5 16. Bxa6 Rxc1 17. Qxc1 Qxa4 18. Bd3 Qb3 19. Bc2 Qc4 20. Nd2 Qc6 21. Bd3 Qb7 22. Qc7 Qxc7 23. Bxc7 Nb7 24. Ra1 Rc8 25.
Be5 Nd6 26. Ra7 Bf8 27. g4 Nfe4 28. Nxe4 Nxe4 29. Bxe4 dxe4 30. Rc7 Rxc7 31. Bxc7 f6 32. Kf1 Kf7 33. Ke2 Ke8 34. Kd2 Kd7 35. Ba5 Kc6 36. Kc2 Kb5 37. Bc7 Kc4 38. b3+ Kd5 39. Kd2 g6 40. Ke2 f5 41. f3 fxg4 42. fxg4 Bh6 43. Kf2 Bg5 44. Be5 Bh4+ 45. Ke2 Bg5 46. Kf2 Bh4+ 47.
Ke2 Bg5 48. Bg7 Be7 49. Kf2 Bh4+ 50. Ke2 Be7 51. Kd2 Kc6 52. Ke2 Kd5 1/2-1/2

[Event "*** SCC Grand Prix: Titled Tuesday Blitz"]
[Site "Chess.com"]
[Date "2020.09.29"]
[Round "10"]
[White "xberli"]
[Black "MashaFromRussia"]
[Result "1-0"]
[WhiteElo "2590"]
[BlackElo "2410"]
[TimeControl "180+1"]
[EndTime "11:55:52 PDT"]
[Termination "xberli won by resignation"]

1. e4 c5 2. Nf3 Nc6 3. d4 cxd4 4. Nxd4 Nf6 5. Nc3 e5 6. Ndb5 d6 7. Nd5 Nxd5 8. exd5 Ne7 9. c4 Ng6 10. Qa4 Bd7 11.
Qa3 Qb8 12. h4 h5 13. Bd3 Nf4 14. Bxf4 exf4 15. Nd4 Be7 16. Bf5 Qc8 17. Qd3 Bf6 18. Qe4+ Kd8 19. O-O Bxd4 20. Bxd7 Bxf2+ 21. Rxf2 Qxd7 22. Qxf4 f6 23. b4 Kc7 24. c5 Rad8 25. Rc1 Kb8 26.
c6 Qc7 27. b5 Rhe8 28. Kh2 Re5 29. Rd2 Rde8 30. Qg3 Re3 31. Qg6 R3e4 32. Qxh5 R8e5 33. Qh7 g6 34. Qh8+ Re8 35. Qxf6 Qh7 36. Qxd6+ Ka8 37.
cxb7+ Qxb7 38. Qc6 Rxh4+ 39. Kg3 Rhe4 40. d6 Rd8 41. d7 Re3+ 42. Kh2 Re7 43. Qc8+ 1-0

[Event "*** SCC Grand Prix: Titled Tuesday Blitz"]
[Site "Chess.com"]
[Date "2020.09.29"]
[Round "10"]
[White "Matols"]
[Black "Grandmaster2B"]
[Result "1-0"]
[WhiteElo "2276"]
[BlackElo "2380"]
[TimeControl "180+1"]
[EndTime "11:55:52 PDT"]
[Termination "Matols won by resignation"]

1. d4 Nf6 2. c4 e6 3. g3 Bb4+ 4. Bd2 Qe7 5. Bg2 O-O 6. e4 d5 7. e5 Nfd7 8. cxd5 exd5 9. Ne2 Bxd2+ 10. Qxd2 Nb6 11. O-O Na6 12. b3 Bf5 13. Nbc3 Rfd8 14. Rac1 Rac8 15. h3 h5 16. Nf4 Qg5 17. Qe2 c5 18.
Ncxd5 cxd4 19. h4 Qh6 20. Ne7+ Kf8 21. Nxf5 Qh7 22. Nd6 Rxc1 23. Rxc1 Nd7 24. Nxb7 Re8 25. Qxa6 Nxe5 26. Qd6+ Kg8 27. Qxd4 Qf5 28. Nd6 Qd7 29.
Rd1 Re7 30. Ne4 Qb5 31. Ng5 Rd7 32. Nd5 f6 33. Ne6 Qc6 34. Nxf6+ gxf6 35. Bxc6 Rxd4 36. Rxd4 Nxc6 37. Rd7 Ne5 38. Rxa7 Nf3+ 39. Kg2 Ne1+ 40. Kf1 Nd3 41. a4 Nc1 42. b4 1-0

[Event "*** SCC Grand Prix: Titled Tuesday Blitz"]
[Site "Chess.com"]
[Date "2020.09.29"]
[Round "10"]
[White "TimKett"]
[Black "ferdipy"]
[Result "1-0"]
[WhiteElo "2194"]
[BlackElo "2339"]
[TimeControl "180+1"]
[EndTime "11:55:52 PDT"]
[Termination "TimKett won by resignation"]

1. e4 e6 2. d4 d5 3. Nc3 Bb4 4. e5 c5 5. a3 Bxc3+ 6. bxc3 Ne7 7. h4 Qb6 8. h5 h6 9. Nf3 Nbc6 10. Rh4 Qa5 11.
Bd2 c4 12. a4 Bd7 13. Be2 O-O-O 14. Rf4 Rdf8 15. Kf1 f6 16. Qe1 fxe5 17. dxe5 Rxf4 18. Bxf4 Rf8 19. g3 Be8 20. Nd4 Bd7 21. Kg2 Qc5 22.
Nb5 Nf5 23. Bg4 a6 24. Bxf5 axb5 25. axb5 Qxb5 26. Bg4 Kc7 27. Rb1 Qa5 28. Qe3 Qa7 29. Qe1 Bc8 30. Be3 Qa2 31. Bb6+ Kd7 32. Bc5 Rf7 33.
Qd1 Nxe5 34. Qxd5+ Ke8 35. Qxe5 Qxb1 36. Bxe6 Rxf2+ 37. Kxf2 Qxc2+ 38. Kf3 Qd1+ 39. Kg2 Qd2+ 40. Kh3 Bxe6+ 41.
Qxe6+ Kd8 42. Qg8+ Kc7 43. Qxc4 Kc6 44. Be3+ 1-0

[Event "*** SCC Grand Prix: Titled Tuesday Blitz"]
[Site "Chess.com"]
[Date "2020.09.29"]
[Round "10"]
[White "Witik"]
[Black "IANOV0007"]
[Result "1-0"]
[WhiteElo "2679"]
[BlackElo "2500"]
[TimeControl "180+1"]
[EndTime "11:55:55 PDT"]
[Termination "Witik won by resignation"]

1. d4 d6 2. e4 Nf6 3. Nc3 c6 4. h3 Qb6 5. g4 e5 6. Nge2 Nbd7 7.
Bg2 h6 8. O-O g6 9. Be3 Qxb2 10.
Rb1 Qa3 11. f4 Bg7 12. fxe5 dxe5 13. d5 O-O 14. Qd2 h5 15. g5 Nh7 16. Kh1 Nb6 17.
Bxb6 axb6 18. Rxb6 Qc5 19. Rb3 Qe7 20. h4 Rd8 21.
Qe3 Nf8 22. Ng1 Bg4 23. Bh3 Bxh3 24. Qxh3 Ra3 25. Nf3 Rxb3 26. axb3 Qb4 27. Nd2 cxd5 28. exd5 Nd7 29. Nde4 Nc5 30. Qf3 Nxe4 31. Nxe4 Rd7 32.
c4 b5 33. c5 Kh7 34. d6 Qd4 35. Rd1 Qb2 36. c6 Rd8 37. c7 Rc8 38. d7 Rxc7 39. d8=Q Rc2 40. Rd2 Qb1+ 41. Kh2 Rc1 42. Qe7 Rf1 43. Rf2 Re1 44. Nf6+ Bxf6 45. Qxf7+ Bg7 46. Qxg7+ Kxg7 47. Qf8+ 1-0

[Event "*** SCC Grand Prix: Titled Tuesday Blitz"]
[Site "Chess.com"]
[Date "2020.09.29"]
[Round "10"]
[White "fabianvivasz"]
[Black "gumimis"]
[Result "1-0"]
[WhiteElo "2458"]
[BlackElo "2244"]
[TimeControl "180+1"]
[EndTime "11:55:55 PDT"]
[Termination "fabianvivasz won on time"]

1. e4 c5 2. Nf3 d6 3. d4 cxd4 4. Nxd4 Nf6 5. Nc3 a6 6. f3 e5 7. Nb3 Be6 8. Be3 Be7 9. Qd2 O-O 10. O-O-O a5 11. Nd5 Bxd5 12. exd5 a4 13. Na1 Ra5 14.
c4 Nbd7 15. Nc2 e4 16. Na3 Ne5 17. f4 Neg4 18. Bd4 e3 19. Bxe3 Ne4 20. Qe2 Nxe3 21. Qxe3 f5 22. Bd3 Bf6 23. g4 g6 24. gxf5 gxf5 25.
Bxe4 Re8 26. Qg3+ Kh8 27. Bxf5 Qb6 28. Rd2 Re3 29. Qf2 Bd4 30. Kb1 Rd3 31. Qh4 1-0

[Event "*** SCC Grand Prix: Titled Tuesday Blitz"]
[Site "Chess.com"]
[Date "2020.09.29"]
[Round "10"]
[White "djano"]
[Black "dpopadic"]
[Result "1-0"]
[WhiteElo "2454"]
[BlackElo "2328"]
[TimeControl "180+1"]
[EndTime "11:55:55 PDT"]
[Termination "djano won by resignation"]

1. d4 Nf6 2. Bf4 g6 3. Nc3 Bg7 4. e4 d6 5. Qd2 c5 6. dxc5 O-O 7. cxd6 exd6 8. O-O-O Nc6 9. Bxd6 Re8 10. f3 Be6 11. e5 Nd7 12. f4 Qa5 13. a3 Rac8 14. Nf3 Nb6 15. Nb5 Nc4 16. Bxc4 Bxc4 17. Qxa5 Nxa5 18.
Nc3 Be6 19. Nd4 Bd7 20. Nd5 Kh8 21. Kb1 Nc4 22. Bb4 Rcd8 23. Nc7 Rg8 24. Rhe1 Bg4 25. Rd3 Rd7 26. Ncb5 Rgd8 27. Nd6 Nxd6 28. Bxd6 Bf8 29. Bxf8 Rxd4 30. Rxd4 Rxd4 31. Bh6 Kg8 32. h3 Be6 33. Kc1 a6 34. g3 b5 35. Rd1 Rxd1+ 36. Kxd1 Bxh3 37.
Kd2 Bf5 38. c3 a5 39. Ke3 a4 40. Kd4 Be6 41. Kc5 Bc4 42. g4 Be2 43. f5 gxf5 44.
gxf5 Bc4 45. Kd6 Bd3 46. e6 fxe6 47. fxe6 Bg6 48. Kd7 Bh5 49. e7 Bf7 50. e8=Q+ 1-0